 Dungeon Crawl Stone Soup version 0.18.1-50-g88ac8fd (webtiles) character file.

67 inmateoo the Ruffian (level 3, -2/33 HPs)
             Began as a Troll Wanderer on Oct 13, 2016.
             Slain by an orc
             ... wielding a +0 trident
              (4 damage)
             ... on level 3 of the Dungeon.
             The game lasted 00:01:45 (1237 turns).

inmateoo the Ruffian (Troll Wanderer)               Turns: 1237, Time: 00:01:46

Health: -2/33      AC:  5    Str: 22    XL:     3   Next: 98%
Magic:  3/3        EV:  6    Int:  8    God:
Gold:   86         SH:  7    Dex:  8    Spells: 0 memorised, 4 levels left

rFire  . . .     SeeInvis .       - Unarmed
rCold  . . .     Gourm    +     d - +0 robe
rNeg   . . .     Faith    .     c - +0 shield
rPois  .         Spirit   .     (helmet restricted)
rElec  .         Dismiss  .     (no cloak)
rCorr  .         Reflect  .     (gloves unavailable)
SustAt .         Harm     .     (boots unavailable)
MR     .....                    (no amulet)
Stlth  +.........               (no ring)
                                (no ring)

@: not resistant to hostile enchantments, very unstealthy
A: unfitting armour, claws 3, fast metabolism 3, gourmand, regeneration 2,
shaggy fur 1, tough skin 2
a: no special abilities


You were on level 3 of the Dungeon.
You were not hungry.

You visited 1 branch of the dungeon, and saw 3 of its levels.

You collected 86 gold pieces.

Inventory:

Hand Weapons
 a - a +2 hand crossbow
Missiles
 b - 6 bolts
Armour
 c - a +0 shield (worn)
 d - a +0 robe (worn)
Wands
 p - a wand of slowing (39/48)
Scrolls
 g - a scroll of noise {unknown}
 i - 2 scrolls of immolation {unknown}
 k - 2 scrolls of amnesia {unknown}
 n - 2 scrolls of identify {unknown}
 o - 2 scrolls of remove curse {unknown}
Potions
 e - a potion of berserk rage {unknown}
 h - a potion of agility {unknown}
 j - a potion of haste {unknown}
 l - a potion of curing {unknown}
 s - a potion of brilliance {unknown}
 t - a potion of heal wounds {unknown}
Books
 r - a book of Beasts

   Spells                             Type                      Level
   a - Summon Butterflies             Summoning                    1
   b - Call Canine Familiar           Summoning                    3
   c - Summon Ice Beast               Ice/Summoning                4
   d - Summon Mana Viper              Hexes/Summoning              5
   e - Summon Hydra                   Summoning                    7
Comestibles
 f - a bread ration
 m - a fruit
 q - a slice of pizza


   Skills:
 - Level 1.5 Fighting
 - Level 1.0 Crossbows
 - Level 1.0 Shields
 * Level 3.6 Unarmed Combat
 - Level 1.2 Spellcasting
   Level 1.0 Charms
   Level 1.3 Fire Magic
 - Level 1.0 Evocations


You had 4 spell levels left.
You didn't know any spells.

Dungeon Overview and Level Annotations

Branches:
Dungeon (3/15)

Altars:


Innate Abilities, Weirdness & Mutations

You are too large for most types of armour.
You have claws for hands.
Your metabolism is lightning-fast.
You like to eat raw meat.
You heal very quickly.
You are covered in fur (AC +1).
You have very tough skin (AC +2).


Message History

Aim: an orc, wielding a trident You shoot a bolt.
The bolt hits the orc.
The orc is heavily wounded.
You hear some strange, mumbled words.
A puff of frost appears from out of thin air!
The puff of frost hits you!
You hear some strange, mumbled words.
A puff of frost appears from out of thin air!
The puff of frost hits you!
* * * LOW HITPOINT WARNING * * *
Unknown command.
You are too injured to fight recklessly!
Unknown command.
Wield which item (- for none, * to show all)? (? for menu, Esc to quit)
You are now empty-clawed.
You swing at nothing.
You miss something. Something hits you.
* * * LOW HITPOINT WARNING * * *
The orc hits you from afar with a trident.
You die...

#........>.
#..............#
#..............#
#..............###
#.................
#...........$.....
#.(...............
##.<...........?..
###......@.(.#
#.......{..#
#########o.....
.(.... .(.## ..(..
..## ...


You could see an orc.

Vanquished Creatures
  2 adders (D:2)
  2 worms (D:2)
  2 dart slugs (D:1)
  2 giant geckos (D:1)
  2 orcs (D:3)
  A ball python (D:2)
  A giant cockroach (D:1)
  4 goblins
  3 hobgoblins (D:1)
  2 jackals (D:1)
  4 bats
  5 kobolds
  6 rats
36 creatures vanquished.

Notes
Turn   | Place    | Note
--------------------------------------------------------------
     0 | D:1      | inmateoo the Troll Wanderer began the quest for the Orb.
     0 | D:1      | inmateoo set off with: a +2 hand crossbow, 26 bolts, a +0 shield, a +0 robe, 2 bread rations
     0 | D:1      | Reached XP level 1. HP: 19/19 MP: 1/1
    80 | D:1      | Reached skill level 1 in Unarmed Combat
    87 | D:1      | Reached XP level 2. HP: 25/27 MP: 2/2
   156 | D:1      | Reached skill level 2 in Unarmed Combat
   578 | D:2      | Reached XP level 3. HP: 33/33 MP: 3/3
   721 | D:2      | Reached skill level 3 in Unarmed Combat
  1237 | D:3      | Slain by an orc

Skill      XL: |  1  2  3 |
---------------+----------+-----
Unarmed Combat | 1 2 3 |  3.6
Fighting       | |  1.5
Crossbows      | |  1.0
Shields        | |  1.0
Spellcasting   | |  1.2
Charms         | |  1.0
Fire Magic     | |  1.3
Evocations     | |  1.0

Action                   || total
-------------------------++-------
Melee: Unarmed           ||     1
 Fire: Hand crossbow     ||   103
  Eat: Chunk             ||     4
       Bread ration      ||     1
Armor: Robe              ||    21
Dodge: Dodged            ||    10
Block: Shield            ||    14
